 Dungeon Crawl Stone Soup version 0.19.0-11-g3fc08b3 (webtiles) character file.

155 Banto the Vexing (level 5, -1/21 HPs)
             Began as a Felid Enchanter on Nov 10, 2016.
             Slain by a jackal (2 damage)
             ... on level 4 of the Dungeon.
             The game lasted 00:06:36 (4704 turns).

Banto the Vexing (Felid Enchanter)                  Turns: 4704, Time: 00:06:36

Health: -1/21      AC:  1    Str:  4    XL:     5   Next: 14%
Magic:  9/9        EV: 19    Int: 18    God:
Gold:   126        SH:  0    Dex: 16    Spells: 3 memorised, 2 levels left
                                        Lives:  0   Deaths: 1

rFire  . . .     SeeInvis +       - Unarmed
rCold  . . .     Gourm    .     (armour unavailable)
rNeg   . . .     Faith    .     (shield unavailable)
rPois  .         Spirit   .     (helmet unavailable)
rElec  .         Reflect  .     (cloak unavailable)
rCorr  .         Harm     .     (gloves unavailable)
MR     +....                    (boots unavailable)
Stlth  +++.......               (no amulet)
                                (no ring)
                                i - ring of protection from magic

@: quick
A: no armour, no weapons or thrown items, stealth, claws 1, fangs 3, see
invisible, carnivore 3, speed 1, shaggy fur 1, slow metabolism 1, sharp paws
a: no special abilities


You were on level 4 of the Dungeon.
You were full.

You visited 2 branches of the dungeon, and saw 5 of its levels.

You collected 126 gold pieces.

Inventory:

Jewellery
 i - a ring of protection from magic (left paw)
Scrolls
 l - 2 scrolls of immolation
 o - a scroll of magic mapping
 p - 2 scrolls of remove curse
 q - 2 scrolls of identify
 t - a scroll of recharging
Potions
 c - 2 potions of haste
 e - a potion of resistance {unknown}
 f - 4 potions of lignification
 g - a potion of berserk rage {unknown}
 h - a potion of degeneration {unknown}
 k - 2 potions of curing {unknown}
 m - 2 potions of flight {unknown}
 r - a potion of beneficial mutation {unknown}
 s - 2 potions of cure mutation {unknown}
Books
 a - a book of Maledictions

   Spells                             Type                      Level
   a - Corona                         Hexes                        1
   b - Ensorcelled Hibernation        Hexes/Ice                    2
   c - Confuse                        Hexes                        3
   d - Tukima's Dance                 Hexes                        3
   e - Dazzling Spray                 Conjuration/Hexes            3
Comestibles
 b - 2 meat rations
 d - a beef jerky
 j - 2 royal jellies
 n - a slice of pizza


   Skills:
 + Level 4.3 Dodging
 + Level 5.3 Stealth
 * Level 3.7 Unarmed Combat
 - Level 2.0 Spellcasting
 + Level 6.0 Hexes


You had 2 spell levels left.
You knew the following spells:

 Your Spells              Type           Power        Failure   Level  Hunger
a - Corona                Hex            ###....      1%          1    #......
b - Ensorcelled Hibernat  Hex/Ice        ##....       10%         2    ###....
c - Confuse               Hex            ###.....     4%          3    ###....


Dungeon Overview and Level Annotations

Branches:
Dungeon (4/15)             Temple (1/1) D:4

Altars:
Fedhas
Makhleb
The Shining One

Shops:
D:4 (


Innate Abilities, Weirdness & Mutations

You cannot wear armour.
You are incapable of wielding weapons or throwing items.
Your paws allow you to move quietly. (Stealth)
You have sharp claws.
You have razor-sharp teeth.
You have supernaturally acute eyesight. (SInv)
You are carnivorous and can eat meat at any time.
You cover ground quickly.
You are covered in fur. (AC +1)
You have a slow metabolism.
Your sharp claws are effective at attacking unaware monsters.


Message History

The jackal completely misses you. The jackal bites you.
You take 3 damage, and have 9/21 hp.
You are too injured to fight recklessly!
You are too injured to fight recklessly!
You are too injured to fight recklessly!
The jackal bites you. The ogre completely misses you. The jackal bites you.
* * * LOW HITPOINT WARNING * * *
You take 5 damage, and have 4/21 hp.
MASSIVE DAMAGE!!
The ogre misses you. The jackal completely misses you.
You scratch the jackal.
The jackal is almost dead.
The jackal bites you.
* * * LOW HITPOINT WARNING * * *
The ogre closely misses you. The jackal closely misses you.
You take 3 damage, and have 1/21 hp.
You barely miss the jackal.
The jackal is almost dead.
The jackal bites you but does no damage.
The jackal bites you.
You die...

.# #.....# .# #.....#
######.....# #######
#..........# #.....#
#..........# +.....#
#.†........###+#.....#
#....................#
#..............hhO...#
######..........@....#
.....#...............#
.....#.........[.....#
.....#..<............#
.....#...............#
##...#...............'.
##...#...............#..
.....'...............#..
##...#..........#


You could see an ogre and 2 jackals.

Vanquished Creatures
  An orc wizard (D:3)
  Natasha (D:4)
  A worker ant (D:4)
  6 adders
  An ooze (D:1)
  5 worms
  4 dart slugs
  2 leopard geckos
  6 orcs (D:3)
  5 giant cockroaches
  11 goblins
  6 hobgoblins
  8 jackals
  2 quokkas
  6 bats
  3 frilled lizards (D:2)
  13 kobolds
  9 rats
90 creatures vanquished.

Notes
Turn   | Place    | Note
-------+----------+-------------------------------------------
     0 | D:1      | Banto the Felid Enchanter began the quest for the Orb.
     0 | D:1      | Reached XP level 1. HP: 7/7 MP: 4/4
   362 | D:1      | Reached XP level 2. HP: 11/11 MP: 6/6
   385 | D:1      | Learned a level 2 spell: Ensorcelled Hibernation
  1181 | D:1      | Reached XP level 3. HP: 12/14 MP: 7/7
  2077 | D:2      | Reached skill level 5 in Hexes
  2260 | D:2      | Learned a level 3 spell: Confuse
  2502 | D:2      | Reached XP level 4. HP: 13/18 MP: 0/8
  3868 | D:3      | Found a glowing golden altar of the Shining One.
  3960 | D:3      | Reached skill level 5 in Stealth
  4021 | D:3      | Reached XP level 5. HP: 17/21 MP: 0/9
  4312 | D:4      | Noticed an ogre
  4317 | D:4      | Mangled by an ogre
  4318 | D:4      | Reached XP level 4. HP: -10/18 MP: 8/8
  4338 | D:4      | Noticed Natasha
  4342 | D:4      | Killed Natasha
  4354 | D:4      | Found a staircase to the Ecumenical Temple.
  4369 | D:4      | Reached skill level 6 in Hexes
  4369 | D:4      | Reached XP level 5. HP: 15/21 MP: 5/9
  4502 | Temple   | Entered the Ecumenical Temple
  4626 | D:4      | Found Reifoyh's Antique Weapon Shoppe.
  4703 | D:4      | HP: 1/21 [jackal (3)]
  4704 | D:4      | Slain by a jackal

Skill      XL: |  1  2  3  4  5 |
---------------+----------------+-----
Dodging        | 3 4 |  4.3
Unarmed Combat | 2 3 |  3.7
Hexes          | 5 6 |  6.0
Stealth        | 5 |  5.3
Spellcasting   | |  2.0

Action                   |  1- 3 |  4- 6 || total
-------------------------+-------+-------++-------
Melee: Unarmed           |    96 |   131 ||   227
       Bite              |    13 |    11 ||    24
       Punch             |     1 |     1 ||     2
 Cast: Corona            |     9 |       ||     9
       Ensorcelled Hiber |    26 |    29 ||    55
       Confuse           |       |     1 ||     1
  Use: Scroll            |     5 |     5 ||    10
 Stab: Sleeping          |    27 |    30 ||    57
  Eat: Chunk             |    12 |    10 ||    22
Armor: Skin              |     3 |     4 ||     7
Dodge: Dodged            |    78 |    94 ||   172

Table legend:
 A = Turns spent in this place as a percentage of turns spent in the entire game.
 B = Non-inter-level travel turns spent in this place as a percentage of non-inter-level travel turns spent in the entire game.
 C = Inter-level travel turns spent in this place as a percentage of turns spent in this place.
 D = Turns resting spent in this place as a percentage of non-inter-level travel turns spent in this place.
 E = Turns spent auto-exploring this place as a percentage of non-inter-level travel turns spent in this place.
 F = Non-inter-level travel turns spent in this place divided by the number of levels of this place that you've seen.
                   A       B       C       D       E      F
               +-------+-------+-------+-------+-------+----------------------
         Total | 100.0 | 100.0 |   0.5 |  11.3 |   8.5 | 215.6
       Dungeon |  99.9 |  99.9 |   0.5 |  11.3 |   8.5 | 269.2
        Temple |   0.1 |   0.1 |   0.0 |   0.0 |   0.0 |   1.0
               +-------+-------+-------+-------+-------+----------------------

Table legend:
 A = Kills in this place as a percentage of kills in entire the game.
 B = Kills by you in this place as a percentage of kills by you in the entire game.
 C = Kills by friends in this place as a percentage of kills by friends in the entire game.
 D = Other kills in this place as a percentage of other kills in the entire game.
 E = Experience gained in this place as a percentage of experience gained in the entire game.
 F = Experience gained in this place divided by the number of levels of this place that you have seen.
                   A       B       C       D       E      F
               +-------+-------+-------+-------+-------+----------------------
         Total | 100.0 | 100.0 |  -nan |  -nan | 100.0 |  73.4
       Dungeon | 100.0 | 100.0 |  -nan |  -nan | 100.0 |  91.8
               +-------+-------+-------+-------+-------+----------------------
